Map: Romanticide LE

Players

ViBE - Winner!

  • Race: Terran Terran
  • League: Gold
  • Spawn Location: 11:00

Chauncey

  • Race: Protoss Protoss
  • League: Gold
  • Spawn Location: 5:00

VOD

Have the link to the VOD?

Description

Time

  • Played on: March 26, 2021, 7:21 p.m.
  • Length: 16:57
Show
View Real Time Build Order
Export as new Build Order

ViBE Terran - Winner!

Build Orders:  

Get SALT Encoding   

  12  0:00  SCV  
  13  0:12  SCV  
  14  0:18  Supply Depot  
  14  0:24  SCV  
  15  0:39  SCV  
  15  0:41  Barracks  
  16  0:46  Refinery  
  16  0:51  SCV  
  17  1:04  SCV  
  18  1:16  SCV  
  19  1:29  Orbital Command  
  19  1:30  Marine  
  20  1:38  Command Center  
  20  1:49  Marine  
  20  1:50  Supply Depot  
  21  1:55  SCV  
  22  2:07  SCV  
  23  2:17  Factory  
  23  2:20  SCV  
  23  2:21  Barracks Reactor  
  24  2:32  SCV  
  25  2:44  SCV  
  26  2:50  Orbital Command  
  26  2:51  Supply Depot  
  26  2:56  SCV  
  27  2:58  Marine x2  
  27  2:59  Refinery  
  29  3:05  Barracks  
  29  3:08  SCV, Factory Tech Lab  
  30  3:16  Marine x2  
  30  3:17  Supply Depot  
  30  3:19  SCV  
  33  3:20  SCV  
  34  3:31  SCV  
  34  3:32  SCV  
  34  3:33  Siege Tank  
  39  3:41  Supply Depot  
  38  3:43  SCV  
  38  3:44  SCV  
  40  3:55  SCV  
  41  3:56  SCV  
  41  3:57  Barracks Tech Lab, Marine x2  
  44  4:05  Supply Depot  
  44  4:07  SCV  
  44  4:08  SCV  
  44  4:09  Siege Tank  
  49  4:11  Starport  
  49  4:19  SCV  
  49  4:20  SCV  
  49  4:24  Marine x3  
  52  4:28  Supply Depot  
  54  4:31  SCV  
  54  4:33  SCV  
  54  4:36  Command Center  
  56  4:43  SCV  
  56  4:45  SCV  
  58  4:49  Siege Tank  
  58  4:50  Marine x3  
  58  4:52  Starport Reactor  
  64  4:56  SCV  
  64  4:57  SCV  
  66  5:04  Refinery  
  66  5:06  Refinery  
  66  5:08  SCV, Marine x3  
  66  5:09  SCV  
  71  5:15  Supply Depot  
  71  5:16  Supply Depot  
  71  5:20  SCV  
  73  5:21  SCV  
  73  5:26  Marine x3  
  76  5:32  SCV  
  76  5:33  SCV  
  78  5:36  Medivac x2  
  82  5:43  Marine  
  82  5:44  SCV, Marine x2  
  82  5:45  SCV  
  82  5:49  Engineering Bay  
  87  5:50  Orbital Command  
  87  5:52  Engineering Bay  
  87  5:58  SCV x2, Barracks  
  87  6:00  Barracks  
  87  6:01  Marine x2  
  87  6:02  Marine  
  87  6:03  Barracks  
  92  6:10  SCV x2  
  94  6:19  Terran Infantry Armor Level 1, Terran Infantry Weapons Level 1  
  94  6:22  SCV x3  
  94  6:24  Marine x2  
  94  6:25  Marine  
  100  6:27  Medivac x2  
  104  6:34  SCV x2  
  104  6:37  Orbital Command  
  106  6:41  SCV  
  106  6:46  SCV  
  108  6:53  SCV  
  109  6:55  Barracks Reactor, Marine  
  109  6:56  Barracks Reactor x2  
  109  6:58  SCV  
  109  6:59  Command Center  
  109  7:01  Armory  
  111  7:05  SCV  
  112  7:09  SCV  
  112  7:10  SCV, Marine  
  112  7:11  Marine  
  112  7:13  Marine  
  117  7:22  Supply Depot  
  117  7:23  Supply Depot  
  117  7:27  Supply Depot  
  117  7:28  SCV x2, Marine, Medivac x2  
  117  7:29  Supply Depot  
  114  7:35  Marine x4  
  114  7:36  Marine x3  
  114  7:37  Marine  
  111  7:39  SCV  
  111  7:40  SCV x2  
  115  7:48  Refinery x2, Marine  
  116  7:51  Thor, Supply Depot  
  116  7:53  Marine x4  
  116  7:54  Terran Vehicle Weapons Level 1  
  126  8:03  Barracks  
  126  8:05  Barracks, Marine x4  
  130  8:06  Marine  
  130  8:07  Barracks, Medivac x2  
  130  8:11  Marine x3  
  138  8:15  Command Center  
  138  8:17  Marine  
  138  8:19  Terran Infantry Weapons Level 2  
  139  8:21  Terran Infantry Armor Level 2  
  139  8:22  Marine  
  139  8:23  Marine x3  
  139  8:24  Marine  
  144  8:29  Marine x3  
  144  8:32  SCV x3  
  150  8:44  Marine x6  
  150  8:46  Marine  
  150  8:47  Marine  
  158  8:49  Supply Depot  
  158  8:50  Supply Depot  
  155  9:03  Marine  
  155  9:04  Marine x2  
  155  9:05  Marine  
  155  9:08  Marine  
  157  9:10  Marine x7  
  157  9:14  Supply Depot  
  157  9:15  Supply Depot x2  
  163  9:21  Marine x2  
  165  9:27  Marine x2  
  165  9:30  Command Center  
  167  9:34  Barracks Reactor x3  
  167  9:40  Marine x5  
  167  9:41  Marine x2  
  167  9:42  Thor  
  167  9:43  Medivac x2  
  167  9:45  Marine x2  
  186  9:51  SCV x3  
  189  9:58  Marine  
  190  10:03  SCV x3  
  190  10:06  Stimpack  
  193  10:14  Command Center  
  193  10:24  Terran Vehicle Weapons Level 2  
  193  10:39  Terran Infantry Weapons Level 3, Terran Infantry Armor Level 3  
  193  10:50  SCV  
  193  10:51  SCV x2  
  193  10:52  SCV  
  197  11:02  SCV  
  194  11:12  Marine x6  
  194  11:13  Marine x2  
  194  11:14  Marine x6  
  194  11:15  Thor  
  194  11:16  Medivac x2  
  189  11:22  Command Center  
  189  11:24  Barracks  
  188  11:26  Barracks  
  188  11:27  Barracks  
  188  11:30  Barracks  
  180  11:33  SCV  
  180  11:34  SCV x2  
  180  11:37  Planetary Fortress  
  180  11:39  Marine x9  
  180  11:40  Marine  
  180  11:41  Marine  
  180  11:46  Combat Shield  
  164  11:51  Marine x4  
  164  11:53  Medivac  
  165  11:54  Medivac  
  165  11:56  Marine  
  165  11:57  Marine x2  
  149  12:18  Planetary Fortress  
  149  12:25  Marine x10  
  149  12:26  Marine  
  149  12:28  Barracks Tech Lab x4  
  160  12:32  Barracks  
  160  12:36  Barracks  
  160  12:37  Marine  
  160  12:38  Factory, Marine x3  
  160  12:39  Starport, Barracks x2  
  160  12:40  Thor  
  160  12:41  Medivac x2  
  160  12:43  Marine  
  175  12:47  Concussive Shells  
  175  12:50  Marauder x4, Marine x2  
  175  12:51  Marine x8  
  193  12:55  Marine x2  
  193  12:56  Marauder, Marine  
  198  13:00  SCV x5  
  198  13:01  Marine  
  197  13:11  Marauder  
  197  13:12  SCV x2  
  200  13:17  Starport Reactor  
  200  13:20  Planetary Fortress  
  200  13:23  Factory Tech Lab  
  200  13:25  Barracks Reactor x3  
  200  13:26  Barracks Reactor  
  170  13:28  Marine  
  170  13:29  Marauder, Marine x2, Command Center  
  170  13:30  Marauder x3, Marine x11  
  170  13:32  Marine  
  188  13:39  SCV  
  189  13:58  Marauder x4, Marine x3  
  197  14:43  SCV x3  
  197  14:49  Planetary Fortress  
  197  14:50  SCV  
  197  15:00  Command Center  
  197  15:10  Thor  
  197  15:11  Medivac, Thor  
  197  15:12  Medivac x3  
  197  15:13  Marauder, Marine  
  197  15:14  Marauder x4, Marine x8  
  190  15:32  Refinery  
  190  15:35  Hi-Sec Auto Tracking, Marauder x5  
  186  15:40  Marine x8  
  186  15:41  Marine x6  
Show
View Real Time Build Order
Export as new Build Order

Chauncey Protoss 

Build Orders: 1 Gate Expand 

Get SALT Encoding   

  12  0:00  Probe (Chrono Boost)  
  13  0:10  Probe (Chrono Boost)  
  14  0:20  Pylon  
  14  0:21  Probe  
  15  0:40  Gateway  
  15  0:43  Probe  
  15  0:46  Assimilator  
  16  0:55  Probe (Chrono Boost)  
  17  1:07  Probe (Chrono Boost)  
  18  1:16  Probe (Chrono Boost)  
  19  1:21  Probe  
  20  1:32  Cybernetics Core  
  20  1:33  Probe  
  21  1:40  Nexus  
  21  1:49  Pylon  
  21  2:04  Assimilator  
  21  2:05  Probe  
  21  2:17  Probe  
  21  2:18  Adept  
  24  2:29  Pylon  
  24  2:30  Probe  
  25  2:42  Probe  
  26  2:46  Twilight Council  
  26  2:47  Stalker  
  28  2:54  Probe  
  28  2:55  Gateway  
  29  3:01  Probe  
  29  3:02  Pylon  
  31  3:12  Probe  
  31  3:13  Probe  
  31  3:19  Pylon  
  32  3:25  Probe x2  
  34  3:37  Probe x2, Stalker  
  38  3:58  Probe x2  
  40  4:06  Blink (Chrono Boost)  
  40  4:07  Adept  
  42  4:10  Probe x2  
  42  4:13  Warp Gate  
  42  4:14  Stalker  
  46  4:22  Probe x2  
  48  4:35  Nexus  
  48  4:37  Stalker  
  50  4:40  Gateway  
  50  4:42  Pylon  
  50  4:43  Gateway  
  50  4:51  Stalker  
  52  4:52  Pylon  
  52  5:07  Stalker  
  54  5:16  Pylon  
  54  5:21  Stalker  
  54  5:22  Pylon  
  56  5:32  Stalker x2  
  60  5:36  Pylon  
  60  5:37  Adept  
  60  5:41  Pylon  
  62  5:44  Charge (Chrono Boost)  
  62  5:54  Robotics Facility  
  62  5:56  Gateway  
  62  5:57  Gateway  
  62  5:58  Gateway  
  62  6:03  Pylon  
  65  6:04  Probe x2 (Chrono Boost)  
  65  6:05  Probe (Chrono Boost)  
  65  6:14  Probe x3 (Chrono Boost)  
  65  6:18  Stalker x3  
  72  6:19  Probe (Chrono Boost)  
  72  6:24  Sentry  
  77  6:37  Gateway  
  77  6:40  Gateway  
  77  6:41  Observer, Gateway  
  78  6:48  Assimilator  
  78  6:50  Assimilator  
  78  6:53  Zealot x6  
  90  7:03  Resonating Glaives  
  90  7:09  Robotics Bay  
  90  7:10  Probe  
  90  7:11  Probe x2  
  93  7:21  Gateway, Shield Battery  
  93  7:22  Shield Battery  
  93  7:23  Probe  
  93  7:24  Pylon  
  94  7:43  Stalker x6  
  94  7:44  Stalker  
  108  8:13  Adept x3  
  108  8:14  Adept x4  
  108  8:15  Adept  
  124  8:22  Assimilator  
  124  8:25  Assimilator  
  124  8:27  Pylon  
  124  8:31  Pylon  
  124  8:32  Probe x3  
  127  8:36  Forge  
  127  8:38  Forge  
  127  8:44  Probe  
  104  9:21  Disruptor (Chrono Boost)  
  104  9:23  Protoss Ground Weapons Level 1 (Chrono Boost), Protoss Ground Armor Level 1 (Chrono Boost)  
  107  9:41  Probe x3  
  110  9:50  Disruptor  
  113  9:57  Probe  
  113  9:58  Probe x2  
  116  10:10  Probe  
  113  10:29  Colossus, Nexus  
  113  10:33  Zealot x3  
  113  10:34  Zealot x5  
  113  10:35  Pylon, Zealot  
  135  10:42  Pylon  
  132  10:54  Zealot x3  
  132  10:55  Zealot x4  
  132  10:56  Zealot x4  
  122  11:18  Zealot x5  
  116  11:19  Zealot x3  
  118  11:32  Colossus  
  89  11:48  Zealot x3  
  89  11:49  Zealot x6  
  89  11:50  Zealot  
  102  12:14  Probe x2  
  104  12:26  Colossus  
  110  12:31  Nexus  
  110  12:49  Nexus  
  84  13:41  Protoss Shields Level 1 (Chrono Boost), Protoss Ground Armor Level 2 (Chrono Boost)  
  82  13:52  Adept  
  82  13:53  Adept x5  
  82  13:54  Adept x2  
  90  14:25  Probe  
  90  14:31  Zealot x4  
  85  14:37  Probe  
  92  14:49  Probe  
  92  14:52  Disruptor (Chrono Boost)  
  90  15:01  Probe  
  90  15:02  Zealot x2  
  90  15:03  Zealot x5  
  70  15:19  Zealot x4  
  68  15:25  Disruptor (Chrono Boost)  
  44  15:43  Zealot x3  
  44  15:44  Zealot x4  
  56  15:56  Probe  
  50  16:06  Disruptor (Chrono Boost)  
  50  16:08  Probe  
  47  16:13  Zealot x2  
  47  16:14  Zealot x3  
Tags
 
League
GoldGold
Matchup
PvT
Player
ViBE
Replay Pack
Gold_League
Spawn Locations
Cross Positions
Add a new tag
Caveats
  • Supply blocks, unpowered buildings, or Contaminate may cause inaccurate times.
  • Supply counts are checked every 10 seconds.